 Dungeon Crawl Stone Soup version 0.28-a0-1382-g92835e5 (webtiles) character file.

Game seed: 15376416960565903162

88 Dorkslayer the Skirmisher (level 4, -2/31 HPs)
             Began as an Octopode Fighter on Jan 1, 2022.
             Slain by a phantom (8 damage)
             ... on level 4 of the Dungeon.
             The game lasted 00:05:43 (2693 turns).

Dorkslayer the Skirmisher (Octopode Fighter)        Turns: 2693, Time: 00:05:43

Health: -2/31      AC:  1    Str: 17    XL:     4   Next: 54%
Magic:  4/4        EV: 13    Int: 10    God:
Gold:   115        SH:  4    Dex: 11    Spells: 3/3 levels left

rFire   . . .      SeeInvis .   a - +0 long sword
rCold   . . .      Faith    .   b - +0 buckler
rNeg    . . .      Spirit   .   (helmet restricted)
rPois   .          Reflect  .   (no amulet)
rElec   .          Harm     .   (no ring)
rCorr   .          Rampage  .   (no ring)
Will    .....                   (no ring)
Stlth   +++.......              (no ring)
HPRegen 0.10/turn               (no ring)
MPRegen 0.09/turn               (no ring)
                                (no ring)
                                (no ring)

@: mighty
A: almost no armour, amphibious, 8 rings, camouflage 1, gelatinous body 1,
(nimble swimmer 1), tentacles
a: no special abilities


You were on level 4 of the Dungeon.
You visited 1 branch of the dungeon, and saw 4 of its levels.

You collected 115 gold pieces.

Inventory:

Hand Weapons
 a - a +0 long sword (weapon)
Missiles
 k - 11 poisoned darts (quivered)
Armour
 b - a +0 buckler (worn)
Scrolls
 d - a scroll of immolation {unknown}
 e - 2 scrolls of teleportation
 f - a scroll of enchant armour
 h - a scroll of amnesia {unknown}
 i - a scroll of enchant weapon {unknown}
Potions
 g - a potion of brilliance
 j - a potion of curing


   Skills:
 + Level 3.5 Fighting
 + Level 3.1 Long Blades
 + Level 3.3 Dodging
 + Level 2.2 Stealth
 + Level 3.3 Shields


You had 3 spell levels left.
You didn't know any spells.
Your spell library was empty.

Dungeon Overview and Level Annotations

Branches:
Dungeon (4/15)
 Temple: D:4-7

Altars:
Fedhas


Innate Abilities, Weirdness & Mutations

You cannot wear most types of armour.
You are amphibious.
You can wear up to eight rings at the same time.
Your skin changes colour to match your surroundings (Stealth+).
Your rubbery body absorbs attacks. (AC +1, EV +1)
((You are camouflaged when in or above water. (Stealth+)))
You have tentacles for arms and can constrict up to eight enemies at once.


Message History

You kill the endoplasm!
Found 11 poisoned darts.
You see here 11 poisoned darts.
k - 11 poisoned darts HP restored.
A goblin comes into view. It is wielding a +0 club.
Found a runed war axe.
Found a stone staircase leading down.
The helpless goblin fails to defend itself.
You slash the goblin!
You kill the goblin!
Things that are here:
a +0 club; a +0 hunting sling; 11 stones
There is a stone staircase leading down here.
You see here a +2 war axe of venom.
You see here a +2 war axe of venom.
You open the door.
There is an open door here.
A phantom comes into view.
You feel very mighty all of a sudden. You block the phantom's attack.
You barely miss the phantom. Your squeeze misses the phantom.
The phantom closely misses you. You block the phantom's attack.
You closely miss the phantom. The phantom hits you!
You closely miss the phantom. The phantom barely misses you.
You closely miss the phantom. Your squeeze misses the phantom.
The phantom barely misses you. The phantom hits you.
You miss the phantom. You block the phantom's attack.
You slash the phantom! Your squeeze misses the phantom.
The phantom is moderately damaged.
The phantom misses you.
You slash the phantom!
The phantom is severely damaged.
The phantom hits you!
The phantom blinks!
You blink.
A goblin comes into view. It is wielding a +0 club.
You barely miss the phantom.
The phantom is severely damaged.
The phantom hits you.
* * * LOW HITPOINT WARNING * * *
The phantom blinks!
You blink.
The phantom hits you!
You die...

#.# #.#### #.# ###....# #.#
#....#.# #.#####.##.#.#
#.....#.#<.#.######
#####.#.####.##...#
#...#.#....##...#
####.###.#.###.'...#
#....W@#.....#.#...#
...#####...##.####..#.#...#
...g.......'.......).>....#
###....#######.###)####
#ยง#### #.....# #.# #######
#.# #.# #+#


You could see a phantom.

Vanquished Creatures
  An iguana (D:3)
  2 dart slugs
  2 ball pythons (D:2)
  9 endoplasms
  2 giant cockroaches (D:1)
  9 goblins
  4 hobgoblins
  7 kobolds
  2 quokkas
  6 bats
  3 frilled lizards
  4 rats
51 creatures vanquished.

Notes
Turn   | Place    | Note
-------+----------+-------------------------------------------
     0 | D:1      | Dorkslayer the Octopode Fighter began the quest for the
                  | Orb.
     0 | D:1      | Reached XP level 1. HP: 16/16 MP: 1/1
   187 | D:1      | Reached XP level 2. HP: 21/21 MP: 2/2
   727 | D:1      | Reached XP level 3. HP: 26/26 MP: 3/3
  1544 | D:2      | Reached skill level 1 in Stealth
  1750 | D:2      | Found a faded altar of an unknown god.
  1964 | D:2      | Found a blossoming altar of Fedhas.
  2326 | D:3      | Reached XP level 4. HP: 31/31 MP: 4/4
  2682 | D:4      | Noticed a phantom
  2693 | D:4      | Slain by a phantom

Illustrated notes

Levels and vault maps discovered:
D:1:      dpeg_arrival_refuge, layout_basic, st_stairs_11, nrook_mini_vaults,
          serial_bayou_pond_e, hangedman_decor_peaks_small
D:2:      layout_basic, chequers_ecumenical_altar_simple_redux, basic_altar,
          chequers_mini_garden, grunt_decor_resistance
D:3:      layout_basic
D:4:      layout_basic, mainiacjoe_overflow_24_doors

Skill      XL: |  1  2  3  4 |
---------------+-------------+-----
Stealth        | 1 2 |  2.2
Long Blades    | 3 |  3.1
Fighting       | |  3.5
Dodging        | |  3.3
Shields        | |  3.3

Action                   |  1- 3 |  4- 6 || total
-------------------------+-------+-------++-------
Melee: Long sword        |    71 |    22 ||    93
       Constrict         |    15 |     1 ||    16
       Tentacles         |    12 |     4 ||    16
  Use: Scroll            |     3 |     1 ||     4
       Potion            |       |     1 ||     1
 Stab: Sleeping          |    17 |     4 ||    21
Armor: Skin              |     2 |     2 ||     4
Dodge: Dodged            |    29 |     9 ||    38
Block: Buckler           |    12 |     8 ||    20

Table legend: (Time is in decaauts)
 A = Elapsed time spent in this place.
 B = Non-inter-level travel time spent in this place.
 C = Inter-level travel time spent in this place.
 D = Time resting spent in this place.
 E = Time spent auto-exploring this place.
 F = Levels seen in this place.
 G = Mean time per level.
                   A        B        C        D        E       F      G
               +--------+--------+--------+--------+--------+-----+--------+
         Total |   2720 |   2720 |      0 |    246 |   1056 |   4 |  680.0 |
       Dungeon |   2720 |   2720 |      0 |    246 |   1056 |   4 |  680.0 |
               +--------+--------+--------+--------+--------+-----+--------+

Top non-repeatable levels by time:
     D:1: 1464 daAuts
     D:2: 684 daAuts
     D:3: 400 daAuts
     D:4: 170 daAuts
